 Dungeon Crawl Stone Soup version 0.28.0-53-g5a82cb258f (webtiles) character file.

Game seed: 11537370315899949175

95 Ashen the Ogre Mage (level 4, 0/41 HPs)
             Began as an Ogre Earth Elementalist on June 27, 2022.
             Slain by an orc priest
             ... wielding a +0 dagger
              (2 damage)
             ... on level 3 of the Dungeon.
             The game lasted 00:05:20 (2737 turns).

Ashen the Ogre Mage (Ogre Earth Elementalist)       Turns: 2737, Time: 00:05:20

Health: 0/41       AC:  3    Str: 12    XL:     4   Next: 66%
Magic:  0/9        EV: 10    Int: 18    God:
Gold:   131        SH:  0    Dex:  9    Spells: 4/10 levels left

rFire   . . .      SeeInvis .   o - +0 flail
rCold   . . .      Faith    .   (no shield)
rNeg    . . .      Spirit   .   b - +0 robe
rPois   .          Reflect  .   (helmet restricted)
rElec   .          Harm     .   (no cloak)
rCorr   .          Rampage  .   (gloves unavailable)
Will    .....                   (boots unavailable)
Stlth   ++........              (no amulet)
HPRegen 0.13/turn               (no ring)
MPRegen 0.11/turn               (no ring)

@: studying Staves
A: large, unfitting armour, tough skin 1
a: no special abilities


You were on level 3 of the Dungeon.
You visited 1 branch of the dungeon, and saw 3 of its levels.

You collected 131 gold pieces.

Inventory:

Hand Weapons
 o - a +0 flail (weapon)
 p - a +0 short sword of flaming
Missiles
 c - 71 stones
Armour
 b - a +0 robe (worn)
Jewellery
 n - a ring of resist corrosion
Scrolls
 g - 2 scrolls of teleportation {unknown}
 h - a scroll of acquirement {unknown}
 j - a scroll of fear {unknown}
 k - a scroll of amnesia {unknown}
 l - 2 scrolls of magic mapping {unknown}
 m - a scroll of identify {unknown}
 q - a scroll of summoning {unknown}
 s - 2 scrolls of immolation {unknown}
Potions
 a - a potion of haste
 d - a potion of cancellation {unknown}
 e - a potion of mutation {unknown}
 f - a potion of flight {unknown}
 i - a potion of invisibility {unknown}
 r - a potion of degeneration {unknown}


   Skills:
 + Level 1.5 Fighting
 + Level 0.0 Maces & Flails
 + Level 2.2 Dodging
 + Level 1.9 Stealth
 * Level 3.6 Spellcasting
 + Level 0.0 Conjurations
 + Level 1.5 Transmutations
 + Level 3.0 Earth Magic


You had 4 spell levels left.
You knew the following spells:

 Your Spells              Type           Power      Damage    Failure   Level
a - Sandblast             Erth           28%        2d8       4%          1
b - Passwall              Tmut/Erth      9%         N/A       9%          2
c - Stone Arrow           Conj/Erth      16%        3d8       24%         3

Your spell library contained the following spells:

 Spells                   Type           Power      Damage    Failure   Level
 Corpse Rot               Necr/Air       6%         N/A       24%         2
 Poisonous Vapours        Pois/Air       6%         N/A       24%         2
 Dazzling Flash           Conj/Hex       6%         N/A       41%         3
 Petrify                  Tmut/Erth      11%        N/A       52%         4
 Iskenderun's Mystic Bla  Conj/Tloc      3%         2d3       83%         4
 Starburst                Conj/Fire      1%         6d3       100%        6


Dungeon Overview and Level Annotations

Branches:
Dungeon (3/15)

Altars:
Zin


Innate Abilities, Weirdness & Mutations

You are too large for most types of armour.
You have tough skin. (AC +1)


Message History

Aiming: Sandblast (safe; 4% risk of failure)
Press: ? - help, Shift-Dir - straight line, f/p - orc priest
Aim: an orc priest, wielding a +0 dagger and wearing a +0 scale mail (heavily wounded, 82% to hit)
The blast of sand hits the orc priest but does no damage.
The orc priest is heavily wounded.
The orc priest hits you with a +0 dagger.
Unknown command.
Casting: Sandblast (safe; 4% risk of failure)
Confirm with . or Enter, or press ? or * to list all spells.
Aiming: Sandblast (safe; 4% risk of failure)
Press: ? - help, Shift-Dir - straight line, f/p - orc priest
Aim: an orc priest, wielding a +0 dagger and wearing a +0 scale mail (moderately wounded, 82% to hit)
You miscast Sandblast.
You are very lightly contaminated with residual magic.
Nothing appears to happen.
The orc priest hits you with a +0 dagger.
Unknown command.
Casting: Sandblast (safe; 4% risk of failure)
Confirm with . or Enter, or press ? or * to list all spells.
Aiming: Sandblast (safe; 4% risk of failure)
Press: ? - help, Shift-Dir - straight line, f/p - orc priest
Aim: an orc priest, wielding a +0 dagger and wearing a +0 scale mail (moderately wounded, 82% to hit)
The blast of sand hits the orc priest but does no damage.
The orc priest is moderately wounded.
The orc priest hits you with a +0 dagger.
* * * LOW HITPOINT WARNING * * *
An orc comes into view. It is wielding a +0 whip.
The orc priest looks satisfied for a moment.
Your magical contamination has completely faded away.
Casting: Sandblast (safe; 4% risk of failure)
Confirm with . or Enter, or press ? or * to list all spells.
Aiming: Passwall (safe; 9% risk of failure)
Press: ? - help, Dir - move target, p - orc priest A rock wall.
The orc priest mumbles some strange prayers to Beogh against you.
Beogh smites you!
* * * LOW HITPOINT WARNING * * *
You begin to meditate on the wall.
You continue meditating on the rock. x2
The orc priest hits you with a +0 dagger.
You die...

#.# #.# #.# #.# #.#
#.######## #.# #.#
#....[.... #.# #.#
#####..... #.# #<#
##...### #.# #####.#
##.....## ## #.# #.....#
##.......# .#####.#
#.###.#####.........
.......###
#.#@o...............
.........#
#.#o#.#####.........
.#######.# #.....#
##.......# .# #.# ###o#.#
##.....## ##
#.#######...########...###
#....oo.o................#
#.o######.###########.....
#..# #.# ####.# #..# #.#
#.#


You could see 2 orc priests and 2 orcs.

Vanquished Creatures
  3 adders
  A worm (D:2)
  3 orcs (D:3)
  6 ball pythons
  6 endoplasms
  2 giant cockroaches (D:2)
  8 hobgoblins
  5 quokkas
  4 bats (D:1)
  4 frilled lizards
  6 goblins
  4 kobolds
  3 rats
55 creatures vanquished.

Vanquished Creatures (others)
  4 toadstools (D:1)
4 creatures vanquished.

Grand Total: 59 creatures vanquished

Notes
Turn   | Place    | Note
-------+----------+-------------------------------------------
     0 | D:1      | Ashen the Ogre Earth Elementalist began the quest for the
                  | Orb.
     0 | D:1      | Reached XP level 1. HP: 16/16 MP: 3/3
    79 | D:1      | Reached skill level 1 in Transmutations
   272 | D:1      | Reached XP level 2. HP: 26/26 MP: 3/5
   861 | D:1      | Found a faded altar of an unknown god.
   976 | D:2      | Found a glowing silver altar of Zin.
  1006 | D:2      | Reached XP level 3. HP: 32/32 MP: 5/7
  1018 | D:2      | Learned a level 2 spell: Passwall
  1022 | D:2      | Learned a level 3 spell: Stone Arrow
  1088 | D:2      | Reached skill level 1 in Fighting
  1418 | D:2      | Reached XP level 4. HP: 41/41 MP: 2/9
  2735 | D:3      | HP: 2/41 [orc priest/divine providence (11)]
  2737 | D:3      | Slain by an orc priest

Illustrated notes

Levels and vault maps discovered:
D:1:      ldierk_water_garden, layout_rooms, serial_curves, eino_curves_02,
          eino_curves_01, dreamdust_ecumenical_altar_hidden_monk_grotto,
          hex_tiny
D:2:      minmay_angry_zag, layout_basic, basic_altar, minivault_19
D:3:      layout_loops_ring, mrwooster_statue_mirror

Skill      XL: |  1  2  3  4 |
---------------+-------------+-----
Transmutations | 1 |  1.5
Spellcasting   | 3 |  3.6
Dodging        | 2 |  2.2
Fighting       | 1 |  1.5
Earth Magic    | 3 |  3.0
Stealth        | |  1.9

Action                   |  1- 3 |  4- 6 || total
-------------------------+-------+-------++-------
Melee: Unarmed           |    34 |       ||    34
       Club              |    28 |    43 ||    71
       Flail             |       |    12 ||    12
 Cast: Sandblast         |    36 |    20 ||    56
       Passwall          |       |     3 ||     3
 Stab: Sleeping          |     2 |       ||     2
Armor: Robe              |    30 |    19 ||    49
Dodge: Dodged            |    62 |    40 ||   102
